 Dungeon Crawl Stone Soup version 0.22.1-1-ga44c0e56f4 (webtiles) character file.

169 Reeggar the Skirmisher (level 5, -3/43 HPs)
             Began as a Demonspawn Berserker on Oct 20, 2018.
             Was a Believer of Trog.
             Slain by an iguana (12 damage)
             ... on level 4 of the Dungeon.
             The game lasted 00:13:46 (2425 turns).

Reeggar the Skirmisher (Demonspawn Berserker)       Turns: 2425, Time: 00:13:46

Health: -3/43      AC:  8    Str: 19    XL:     5   Next: 25%
Magic:  6/6        EV: 12    Int:  8    God:    Trog [**....]
Gold:   139        SH:  0    Dex: 12    Spells: 4/4 levels left

rFire    . . .     SeeInvis .   a - +0 falchion
rCold    . . .     Gourm    .   (no shield)
rNeg     . . .     Faith    .   d - +1 ring mail
rPois    +         Spirit   .   r - +0 helmet
rElec    .         Reflect  .   (no cloak)
rCorr    +         Harm     .   (no gloves)
MR       .....                  (no boots)
Stlth    +.........             (no amulet)
HPRegen  0.14/turn              y - ring of poison resistance
MPRegen  0.10/turn              A - ring of resist corrosion

@: no status effects
A: talons 1, rugged brown scales 1
a: Berserk, Trog's Hand, Renounce Religion


You were on level 4 of the Dungeon.
You worshipped Trog.
Trog was pleased with you.
You were not hungry.

You visited 1 branch of the dungeon, and saw 4 of its levels.

You collected 139 gold pieces.

Inventory:

Hand Weapons
 a - a +0 falchion (weapon)
 h - a +0 hunting sling
 k - a +0 antimagic short sword
 p - a +0 short sword
 t - a cursed +0 hunting sling
Armour
 b - a +0 animal skin
 d - a +1 ring mail (worn)
 j - a +0 robe
 r - a +0 helmet (worn)
Jewellery
 y - a ring of poison resistance (left hand)
 A - a ring of resist corrosion (right hand)
Wands
 s - a wand of enslavement (15)
Scrolls
 e - a scroll of fear {unknown}
 g - 3 scrolls of enchant armour
 l - a scroll of identify
 m - a scroll of blinking {unknown}
 n - 3 scrolls of teleportation {unknown}
 v - a scroll of remove curse {unknown}
Potions
 f - a potion of heal wounds {unknown}
 i - a potion of invisibility {unknown}
 o - 2 potions of degeneration {unknown}
 u - a potion of haste {unknown}
 w - a potion of curing {unknown}
 x - a potion of berserk rage {unknown}
 z - a potion of mutation {unknown}
Comestibles
 c - 3 rations
 q - 2 chunks of flesh


   Skills:
 + Level 3.8 Fighting
 + Level 3.8 Long Blades
 + Level 2.1 Armour
 + Level 2.7 Dodging
 + Level 0.1 Stealth
 * Level 1.5 Evocations


You had 4 spell levels left.
You didn't know any spells.
Your spell library was empty.

Dungeon Overview and Level Annotations

Branches:
Dungeon (4/15)
 Temple: D:4-7

Altars:
Wu Jian


Innate Abilities, Weirdness & Mutations

You have sharp toenails.
You are partially covered in rugged brown scales. (AC +1, +3% HP)


Message History

You hit the iguana but do no damage. Your kick misses the iguana.
The iguana is lightly wounded.
The iguana barely misses you. The frilled lizard misses you.
You hit the iguana. Your kick misses the iguana.
The iguana is moderately wounded.
The iguana bites you. The frilled lizard closely misses you.
You hit the iguana but do no damage. You claw the iguana.
The iguana is heavily wounded.
The iguana misses you.
The frilled lizard bites you but does no damage.
The iguana completely misses you.
You barely miss the iguana. Your kick misses the iguana.
The iguana is heavily wounded.
The frilled lizard bites you. The iguana bites you!
* * * LOW HITPOINT WARNING * * *
The frilled lizard barely misses you.
You hit the iguana but do no damage. Your kick misses the iguana.
The iguana is heavily wounded.
The iguana bites you!
You die...

#######$................
#.......................
#...#####.................
#.#......................#
..##+##..............#.#
...##......#.....##.#
#..#.############ #)#.#.#
#$l@.### #$#l#...#
#..#...# ...##...# ##+#
...... ....... .....####
...... ##......


You could see an iguana and a frilled lizard.

Vanquished Creatures
  A scorpion (D:4)
  A worker ant (D:4)
  4 adders
  2 dart slugs (D:1)
  2 leopard geckos
  5 giant cockroaches
  7 goblins
  2 hobgoblins (D:1)
  12 kobolds
  2 quokkas
  9 bats
  10 frilled lizards
  4 rats
61 creatures vanquished.

Notes
Turn   | Place    | Note
-------+----------+-------------------------------------------
     0 | D:1      | Reeggar the Demonspawn Berserker began the quest for the
                  | Orb.
     0 | D:1      | Reached XP level 1. HP: 18/18 MP: 1/1
    95 | D:1      | Gained mutation: You have sharp toenails. [demonic
                  | ancestry]
    95 | D:1      | Reached XP level 2. HP: 3/24 MP: 2/2
   416 | D:1      | Reached XP level 3. HP: 20/29 MP: 3/3
  1142 | D:2      | Reached ** piety under Trog
  1761 | D:2      | Found an ornate altar of the Wu Jian Council.
  1937 | D:3      | Reached XP level 4. HP: 37/37 MP: 4/4
  2352 | D:4      | Reached skill level 1 in Evocations
  2377 | D:4      | Gained mutation: You are partially covered in rugged brown
                  | scales. (AC +1, +3% HP) [demonic ancestry]
  2377 | D:4      | Reached XP level 5. HP: 25/43 MP: 4/6
  2425 | D:4      | Slain by an iguana

Skill      XL: |  1  2  3  4 |
---------------+-------------+-----
Long Blades    | 3 |  3.8
Dodging        | 2 |  2.7
Armour         | 2 |  2.1
Evocations     | 1 |  1.5
Fighting       | |  3.8
Stealth        | |  0.1

Action                   |  1- 3 |  4- 6 || total
-------------------------+-------+-------++-------
Melee: Falchion          |    86 |    44 ||   130
       Kick              |    17 |    15 ||    32
Invok: Berserk           |     1 |       ||     1
       Trog's Hand       |       |     2 ||     2
  Use: Scroll            |     1 |     3 ||     4
  Eat: Chunk             |     1 |     2 ||     3
       Ration            |     1 |       ||     1
Armor: Animal skin       |    12 |       ||    12
       Ring mail         |    10 |    21 ||    31
Dodge: Dodged            |   104 |    29 ||   133
       Rpst.: Falchion   |    29 |     7 ||    36
